 Dungeon Crawl Stone Soup version 0.24.0-123-gd5b16e6ec5 (webtiles) character file.

Game seed: 4433610109429026922, levelgen mode: deterministic

23975 anderalex17 the Severer (level 12, -9/95 (96) HPs)
             Began as a White Draconian Berserker on Jan 13, 2020.
             Was a High Priest of Trog.
             Mangled by a spiny frog (18 damage)
             ... on level 3 of the Lair of Beasts on Jan 15, 2020.
             The game lasted 01:50:13 (18639 turns).

anderalex17 the Severer (DrBe)                     Turns: 18639, Time: 01:50:14

HP:   -9/95 (96)    AC: 16    Str: 25    XL:     12   Next: 76%
MP:   0/14          EV: 12    Int:  8    God:    Trog [*****.]
Gold: 991           SH:  5    Dex: 10    Spells: 11/11 levels left

rFire    + . .     SeeInvis +   A - +4 war axe (freeze)
rCold    . . .     Gourm    .   B - +0 buckler
rNeg     . . .     Faith    .   (armour unavailable)
rPois    .         Spirit   +   (helmet restricted)
rElec    +         Reflect  .   L - +1 cloak
rCorr    .         Harm     .   v - +2 pair of gloves
MR       +++..                  n - +2 pair of boots
Stlth    +.........             l - amulet of guardian spirit
HPRegen  1.25/turn              C - ring of see invisible
MPRegen  0.14/turn              P - ring of the Will of the Gods {Fire +Inv rElec MR+}

@: lethally poisoned (-9 -> -9), very slightly contaminated, regenerating,
invisible
A: breathe frost, unfitting armour, cold resistance 1, cold-blooded, AC +8
a: Breathe Frost, Berserk, Trog's Hand, Brothers in Arms, Renounce Religion


You were on level 3 of the Lair of Beasts.
You worshipped Trog.
Trog was extremely pleased with you.
You were very hungry.

You visited 4 branches of the dungeon, and saw 17 of its levels.

You collected 991 gold pieces.

Inventory:

Hand Weapons
 A - a +4 war axe of freezing (weapon)
 U - a +2 mace of protection
Armour
 n - a +2 pair of boots (worn)
 v - a +2 pair of gloves (worn)
 w - a +0 buckler
 B - a +0 buckler (worn)
 L - a +1 cloak (worn)
Jewellery
 l - an amulet of guardian spirit (around neck)
 m - an uncursed ring of stealth
 C - a ring of see invisible (left hand)
 G - an uncursed amulet of magic regeneration {unknown}
 N - an uncursed ring of protection from magic
 P - the ring of the Will of the Gods (right hand) {Fire +Inv rElec MR+}
   (You found it on level 9 of the Dungeon)

   [ring of fire]

   It enhances your fire magic.
   It protects you from fire.
   It makes you vulnerable to cold.
   It insulates you from electricity.
   It affects your resistance to hostile enchantments.
   It lets you turn invisible.
Wands
 a - a wand of iceblast (15)
 s - a wand of polymorph (30)
 x - a wand of digging (4)
 z - a wand of random effects (14)
 I - a wand of disintegration (15)
 J - a wand of flame (58)
 K - a wand of enslavement (8)
Scrolls
 d - 5 scrolls of blinking
 f - 3 scrolls of enchant weapon
 h - 3 scrolls of fear
 i - 6 scrolls of remove curse
 r - 2 scrolls of enchant armour
 y - 3 scrolls of magic mapping
 H - 2 scrolls of silence
 M - a scroll of fog
 Q - a scroll of vulnerability {unknown}
 S - 4 scrolls of identify
 T - 2 scrolls of teleportation {unknown}
 V - a scroll of holy word {unknown}
Potions
 c - a potion of haste
 e - 2 potions of cancellation {unknown}
 g - 4 potions of agility
 j - 4 potions of brilliance
 k - 2 potions of flight {unknown}
 o - 3 potions of lignification {unknown}
 p - a potion of degeneration {unknown}
 q - a potion of magic {unknown}
 t - 3 potions of heal wounds {unknown}
 u - 2 potions of mutation {unknown}
 D - 2 potions of curing {unknown}
 F - 2 potions of ambrosia {unknown}
Comestibles
 b - 23 rations
 E - 3 chunks of flesh


   Skills:
 + Level 6.1 Fighting
 * Level 15.4(16.7) Axes
 + Level 11.5(14.8) Maces & Flails
 - Level 2.6 Dodging
 + Level 6.9 Shields
 - Level 3.3 Evocations


You had 11 spell levels left.
You didn't know any spells.
Your spell library was empty.

Dungeon Overview and Level Annotations

Branches:
Dungeon (12/15)            Temple (1/1) D:5            Lair (3/6) D:11
  Swamp (1/4) Lair:3
  Snake: Lair:2-4    Spider: Lair:2-4       Orc: D:9-12

Altars:
Ashenzari
Cheibriados
Dithmenos
Elyvilon
Fedhas
Gozag
Hepliaklqana
Kikubaaqudgha
Makhleb
Nemelex Xobeh
Okawaru
Qazlal
Ru
Sif Muna
Trog
Uskayaw
Vehumet
Wu Jian
Xom
Yredelemnul
Zin
The Shining One

Shops:
D:10 (!(


Innate Abilities, Weirdness & Mutations

You can breathe waves of freezing cold.
You can buffet flying creatures when you breathe cold.
Your icy white scales are hard. (AC +8)
You cannot fit into any form of body armour.
Your flesh is cold resistant. (rC+)
You are cold-blooded and may be slowed by cold attacks.


Message History

You feel resistant to hostile enchantments.
You are feeling hungry.
You feel sick. The spiny frog barely misses you.
The seven-headed hydra bites you but does no damage. x2
The seven-headed hydra barely misses you.
The seven-headed hydra completely misses you.
The seven-headed hydra barely misses you.
The seven-headed hydra bites you but does no damage.
The seven-headed hydra misses you.
You fade into invisibility!
You are very lightly contaminated with residual magic.
You are feeling very hungry.
You feel sick. The spiny frog closely misses you.
You block the seven-headed hydra's attack. x2
The seven-headed hydra barely misses you.
The seven-headed hydra closely misses you.
The seven-headed hydra barely misses you. x2
The seven-headed hydra closely misses you.
The spiny frog stings you!!
You die...

.#....$.... ####..........
#............. .......
#.#........... .......###
#.≈≈≈≈♣.P..... .......##.#
♣♣§§§≈≈♣......
........#..♣♣≈§§§D≈≈≈≈....
...........♣≈≈§§@F§≈≈♣....
............≈≈≈≈≈≈≈♣♣......
............♣♣≈≈≈≈≈≈♣......P
...............≈≈♣♣.......≈P≈≈≈P≈
$.............÷............≈P≈≈≈≈
.........####...............≈≈≈≈≈
.....?....####..#.<........≈≈P≈P≈
...........P#...##........≈≈≈≈≈P≈
................#.........≈≈≈≈≈≈P


You could see a seven-headed hydra and a spiny frog.

Vanquished Creatures
  4 hydras
  The ghost of Curus the Spear-Bearer, a novice MiBe of Trog (D:9)
  Erica (D:11)
  A two-headed ogre (D:9)
  Nergalle (D:10)
  4 elephants
  A black mamba (Lair:3)
  3 komodo dragons
  5 spiny frogs
  2 rime drakes
  An ice devil (D:9)
  A troll (D:10)
  4 hippogriffs
  Grinder (D:6)
  A bog body (Swamp:1)
  Prince Ribbit (D:7)
  10 blink frogs
  A wyvern (D:7)
  A human (D:9)
  A soldier ant (D:11)
  An acid dragon (D:7)
  6 water moccasins
  7 porcupines
  Duvessa (D:6)
  2 orc warriors
  9 ice beasts
  4 sky beasts
  3 ogres
  A black bear (D:8)
  2 phantoms
  4 centaurs
  18 wolves
  4 necrophages
  3 crocodiles
  8 bullfrogs
  Dowan (D:6)
  3 scorpions
  9 killer bees (D:11)
  5 electric eels
  12 wights
  7 howler monkeys
  5 crimson imps
  A quasit (D:8)
  A bullfrog zombie (D:8)
  4 centaur zombies
  2 gnoll shamans
  A hound (D:7)
  4 jellies
  2 bullfrog skeletons
  2 orc priests
  Crazy Yiuf (D:6)
  4 centaur skeletons
  4 iguanas
  3 orc wizards
  Ijyb (D:5)
  11 worker ants
  A killer bee zombie (D:10)
  A hound skeleton (D:4)
  2 mummies (D:9)
  2 worker ant zombies
  7 gnolls
  A howler monkey skeleton (D:11)
  19 adders
  A hound simulacrum (D:9)
  A shadow imp (D:5)
  4 white imps (D:9)
  2 adder zombies (D:9)
  An adder skeleton (D:10)
  2 worms (D:3)
  3 leopard geckos
  29 orcs
  5 giant cockroaches
  5 hobgoblins
  25 jackals
  8 kobolds
  7 quokkas
  6 bats
  3 frilled lizards
  3 goblins
  A jackal zombie (D:5)
  A quokka zombie (D:6)
  11 rats
  A fungus (D:6)
353 creatures vanquished.

Vanquished Creatures (others)
  5 plants (D:11)
5 creatures vanquished.

Grand Total: 358 creatures vanquished

Notes
Turn   | Place    | Note
-------+----------+-------------------------------------------
     0 | D:1      | anderalex17 the Draconian Berserker began the quest for the
                  | Orb.
     0 | D:1      | Reached XP level 1. HP: 19/19 MP: 1/1
   291 | D:1      | Reached XP level 2. HP: 22/26 MP: 2/2
   968 | D:2      | Reached XP level 3. HP: 30/31 MP: 3/3
   995 | D:2      | Reached ** piety under Trog
  1986 | D:2      | Found a white marble altar of Elyvilon.
  2313 | D:3      | Reached XP level 4. HP: 38/38 MP: 4/4
  2345 | D:3      | Reached skill level 5 in Maces & Flails
  2722 | D:3      | Found a faded altar of an unknown god.
  2858 | D:3      | Reached XP level 5. HP: 15/45 MP: 5/5
  3765 | D:5      | Entered Level 5 of the Dungeon
  3927 | D:4      | Found a sparkling altar of Nemelex Xobeh.
  4009 | D:4      | Got a faintly humming robe
  4183 | D:5      | Noticed a phantom
  4749 | D:5      | Reached XP level 6. HP: 47/51 MP: 6/6
  4868 | D:5      | Found a staircase to the Ecumenical Temple.
  4875 | Temple   | Entered the Ecumenical Temple
  5337 | D:5      | Found a radiant altar of Vehumet.
  5448 | D:5      | Noticed Ijyb
  5611 | D:5      | Killed Ijyb
  6050 | D:5      | Reached skill level 1 in Shields
  6050 | D:5      | Your scales start taking on an icy white colour.
  6050 | D:5      | Reached XP level 7. HP: 15/57 MP: 7/7
  6050 | D:5      | Gained mutation: Your flesh is cold resistant. (rC+) [White
                  | Draconian growth]
  6379 | D:5      | Found a stormy altar of Qazlal.
  6577 | D:5      | Found a blossoming altar of Fedhas.
  6577 | D:5      | Found an ancient bone altar of Kikubaaqudgha.
  6721 | D:6      | Reached *** piety under Trog
  6795 | D:6      | Noticed Dowan
  6796 | D:6      | Noticed Duvessa
  7056 | D:6      | Killed Duvessa
  7084 | D:6      | Killed Dowan
  7533 | D:6      | Reached XP level 8. HP: 40/63 MP: 8/8
  8035 | D:6      | Found a snail-covered altar of Cheibriados.
  8053 | D:6      | Reached skill level 10 in Maces & Flails
  8110 | D:6      | Noticed Grinder
  8142 | D:6      | Paralysed by Grinder for 2 turns
  8145 | D:6      | Killed Grinder
  8703 | D:6      | Found a runed translucent door.
  8704 | D:6      | Noticed Crazy Yiuf
  8712 | D:6      | Killed Crazy Yiuf
  8869 | D:7      | Reached skill level 1 in Axes
  8869 | D:7      | Reached skill level 5 in Shields
  8931 | D:7      | Reached skill level 1 in Evocations
  8931 | D:7      | Reached XP level 9. HP: 61/70 MP: 9/9
  8968 | D:7      | Noticed an angel
  8969 | D:7      | Found a shimmering altar of Xom.
  8976 | D:7      | Noticed Prince Ribbit
  9082 | D:7      | Reached skill level 2 in Axes
  9274 | D:7      | Found a glowing silver altar of Zin.
  9342 | D:7      | Reached skill level 3 in Axes
  9368 | D:7      | Killed Prince Ribbit
  9368 | D:7      | Reached skill level 4 in Axes
 10119 | D:7      | Reached skill level 5 in Axes
 10221 | D:8      | Reached skill level 6 in Axes
 10272 | D:8      | Reached **** piety under Trog
 10333 | D:8      | Reached skill level 7 in Axes
 10682 | D:9      | Noticed Curus's ghost (novice MiBe)
 10728 | D:8      | Reached XP level 10. HP: 77/77 MP: 12/12
 10762 | D:8      | Reached skill level 8 in Axes
 10778 | D:8      | Found an ancient bone altar of Kikubaaqudgha.
 11245 | D:9      | Found a runed translucent gate.
 11245 | D:9      | Found a runed translucent gate.
 11245 | D:9      | Found a runed translucent gate.
 11385 | D:10     | Entered Level 10 of the Dungeon
 11385 | D:10     | Found Plog's Antique Weapon Shoppe.
 11447 | D:9      | Noticed a two-headed ogre
 11472 | D:9      | Reached skill level 9 in Axes
 12089 | D:9      | Reached skill level 10 in Axes
 12121 | D:9      | Killed Curus's ghost
 12192 | D:9      | Got the ring of the Will of the Gods {Fire}
 12200 | D:9      | Identified the ring of the Will of the Gods {Fire +Inv
                  | rElec MR+} (You found it on level 9 of the Dungeon)
 12282 | D:9      | Killed a two-headed ogre
 12282 | D:9      | Reached skill level 11 in Axes
 12775 | D:10     | Found Jejeupra's Distillery.
 12884 | D:10     | Found Sedol's Antique Weapon Boutique.
 12888 | D:10     | Noticed Nergalle
 12920 | D:10     | Killed Nergalle
 12920 | D:10     | Reached skill level 12 in Axes
 12920 | D:10     | Reached XP level 11. HP: 81/81 MP: 11/13
 13111 | D:10     | Reached ***** piety under Trog
 13853 | D:11     | Reached skill level 13 in Axes
 13955 | D:11     | Noticed Erica
 13972 | D:11     | Killed Erica
 14202 | D:11     | Found a staircase to the Lair.
 14426 | D:12     | Noticed a skeletal warrior
 14715 | Lair:1   | Entered Level 1 of the Lair of Beasts
 14746 | Lair:1   | Reached skill level 14 in Axes
 14979 | Lair:1   | Received a gift from Trog
 15673 | Lair:2   | Noticed a seven-headed hydra
 15682 | Lair:1   | Killed a seven-headed hydra
 15682 | Lair:1   | Reached XP level 12. HP: 77/90 MP: 5/14
 16081 | Lair:3   | Noticed a six-headed hydra
 16446 | Lair:2   | Killed a six-headed hydra
 16787 | Lair:2   | Noticed an eight-headed hydra
 16799 | Lair:2   | Killed an eight-headed hydra
 17040 | Lair:1   | Reached skill level 5 in Fighting
 17085 | Lair:2   | Reached skill level 15 in Axes
 17665 | Lair:3   | Noticed a seven-headed hydra
 17995 | Lair:3   | Killed a seven-headed hydra
 18412 | Lair:3   | Found a staircase to the Swamp.
 18613 | Swamp:1  | Entered Level 1 of the Swamp
 18624 | Swamp:1  | Noticed a seven-headed hydra
 18639 | Lair:3   | Mangled by a spiny frog

Levels and vault maps discovered:
D:1:      wander_arrival_peaceful_grave, layout_basic, palyth_stone_intersect,
          lemuel_another_geyser
D:2:      layout_basic, overflow_temple_1_default, dk_noncrumbling_4
D:3:      layout_loops_ring, first_ration, chequers_ecumenical_altar_grove,
          gup_sewer_entry_bubbles, minmay_splitting_lines, minmay_vboxes
D:4:      layout_loops_ring, nemelex_xobeh_ov_fountains_minmay
D:5:      layout_loops_ring, grunt_temple_overflow_growth_and_decay,
          marbit_many_paths, kennysheep_mini_moat,
          minmay_temple_entry_statues_pillars, uniq_ijyb
D:6:      layout_loops_corners, cheibriados_altar_1, kennysheep_generic_room_8,
          uniq_crazy_yiuf_cottage, uniq_grinder, uniq_duvessa
D:7:      layout_basic, grunt_temple_overflow_order_and_chaos_1,
          uniq_prince_ribbit1
D:8:      layout_basic, basic_altar
D:9:      layout_irregular_city, gammafunk_ghost_icy, serial_undead,
          serial_undead_d, serial_undead_c, serial_undead_a, serial_undead_d,
          grunt_pizzeria
D:10:     layout_basic, serial_shops, shop, nicolae_shop_waterfront, shop,
          uniq_nergalle
D:11:     layout_long_grid, david_lair_shrubbed, minivault_4, uniq_erica,
          uniq_urug
D:12:     layout_roguey, orc_david_3, serial_shops, shop, uniq_josephine
Temple:   dshaligram_water_room_temple
Lair:1:   layout_gridlike, fungi_pond_lemuel, grunt_forest_small_clearings
Lair:2:   layout_gridlike
Lair:3:   layout_hall_layers, swamp_mist_pool, serial_bayou_shore_a
Swamp:1:  layout_basic_swamp, hangedman_swamp_cone, infiniplex_staircase_pool

Skill      XL: |  1  2  3  4  5  6  7  8  9 10 11 12 |
---------------+-------------------------------------+-----
Maces & Flails | 4 6 8 9 10 11 | 11.5
Shields        | 1 3 5 6 |  6.9
Axes           | 1 7 12 14 15 | 15.4
Evocations     | 1 3 |  3.3
Fighting       | 6 |  6.1
Dodging        | |  2.6

Action                   |  1- 3 |  4- 6 |  7- 9 | 10-12 || total
-------------------------+-------+-------+-------+-------++-------
Melee: Mace              |    96 |   310 |   200 |    37 ||   643
       Tailslap          |    10 |    34 |    48 |    88 ||   180
       War axe           |       |       |   163 |   621 ||   784
Invok: Berserk           |       |     2 |     6 |     4 ||    12
       Trog's Hand       |       |     1 |     1 |     1 ||     3
       Brothers in Arms  |       |       |       |     3 ||     3
 Abil: Breathe Frost     |       |       |     2 |     3 ||     5
       Evoke Invisibilit |       |       |       |     2 ||     2
Evoke: Wand              |       |       |       |     2 ||     2
  Use: Scroll            |       |       |    20 |     9 ||    29
 Stab: Distracted        |     1 |       |       |       ||     1
       Sleeping          |       |       |     2 |     3 ||     5
       Invisible         |       |       |     1 |       ||     1
  Eat: Chunk             |     4 |    14 |    15 |    21 ||    54
       Ration            |       |       |     2 |     3 ||     5
Armor: Skin              |    29 |   108 |   107 |   254 ||   498
Dodge: Dodged            |    60 |   145 |   178 |   337 ||   720
Block: Buckler           |       |    20 |    63 |   138 ||   221
